 Dungeon Crawl Stone Soup version 0.28-a0-1510-gd0f6b136d3 (webtiles) character file.

Game seed: 16240048448907134113

35 dolemite99 the Chopper (level 3, -1/29 HPs)
             Began as a Demonspawn Fighter on Jan 15, 2022.
             Was a High Priest of Ignis.
             Killed by nerve-wracking pain
             ... invoked by Jessica
              (2 damage)
             ... on level 2 of the Dungeon.
             The game lasted 00:01:03 (1437 turns).

dolemite99 the Chopper (Demonspawn Fighter)         Turns: 1437, Time: 00:01:04

Health: -1/29      AC:  8    Str: 18    XL:     3   Next: 16%
Magic:  3/3        EV:  6    Int:  9    God:    Ignis [*****.]
Gold:   28         SH:  4    Dex: 12    Spells: 2/2 levels left

rFire   + . .      SeeInvis .   l - +1 hunting sling (flame)
rCold   . . .      Faith    .   c - +0 buckler
rNeg    . . .      Spirit   .   g - +0 chain mail
rPois   .          Reflect  .   (no helmet)
rElec   .          Harm     .   (no cloak)
rCorr   .          Rampage  .   (no gloves)
Will    .....                   (no boots)
Stlth   ..........              (no amulet)
HPRegen 0.09/turn               (no ring)
MPRegen 0.08/turn               (no ring)

@: no status effects
A: hooves 1, demonic magic 1
a: Renounce Religion, Fiery Armour, Foxfire Swarm, Rising Flame


You were on level 2 of the Dungeon.
You worshipped Ignis.
Ignis was extremely pleased with you.
You visited 1 branch of the dungeon, and saw 2 of its levels.

You collected 28 gold pieces.

Inventory:

Hand Weapons
 a - a +0 war axe
 l - a +1 hunting sling of flaming (weapon)
Missiles
 e - 10 sling bullets (quivered ammo)
 k - 22 arrows
Armour
 b - a +0 scale mail
 c - a +0 buckler (worn)
 g - a +0 chain mail (worn)
Scrolls
 h - a scroll of enchant weapon {unknown}
 i - a scroll of identify {unknown}
Potions
 d - a potion of might
 f - a potion of heal wounds {unknown}
 j - a potion of brilliance {unknown}


   Skills:
 - Level 3.0 Fighting
 + Level 3.3 Axes
 - Level 2.6 Armour
 - Level 2.6 Shields


You had 2 spell levels left.
You didn't know any spells.
Your spell library was empty.

Dungeon Overview and Level Annotations

Branches:
Dungeon (2/15)

Altars:
Ignis

Annotations:
D:2 Jessica


Innate Abilities, Weirdness & Mutations

You have large cloven feet.
Spells you cast may paralyse adjacent enemies.


Message History

You are too injured to fight recklessly!
Fire: 15 sling bullets
Press: ? - help, Q - select action Shift-Dir - straight line, f/p - Jessica
Aim: Jessica, wielding a +0 club and wearing a +0 robe (fast, 59% to hit)
You shoot a sling bullet. The sling bullet barely misses Jessica.
Fire: 14 sling bullets
Press: ? - help, Q - select action Shift-Dir - straight line, f/p - Jessica
Aim: Jessica, wielding a +0 club and wearing a +0 robe (fast, 59% to hit)
You shoot a sling bullet. The sling bullet hits Jessica.
The sling bullet burns Jessica.
Jessica is moderately wounded.
Jessica gestures at you while chanting. Pain shoots through your body!
* * * LOW HITPOINT WARNING * * *
You block Jessica's attack.
Fire: 13 sling bullets
Press: ? - help, Q - select action Shift-Dir - straight line, f/p - Jessica
Aim: Jessica, wielding a +0 club and wearing a +0 robe (moderately wounded, fast, 59% to hit)
You shoot a sling bullet. The sling bullet hits Jessica.
The sling bullet burns Jessica.
Jessica is heavily wounded.
Jessica casts a spell at you. You resist with some effort.
Fire: 12 sling bullets
Press: ? - help, Q - select action Shift-Dir - straight line, f/p - Jessica
Aim: Jessica, wielding a +0 club and wearing a +0 robe (heavily wounded, fast, 59% to hit)
You shoot a sling bullet.
The sling bullet closely misses Jessica.
Jessica hits you with a +0 club.
* * * LOW HITPOINT WARNING * * *
Jessica barely misses you.
Fire: 11 sling bullets
Press: ? - help, Q - select action Shift-Dir - straight line, f/p - Jessica
Aim: Jessica, wielding a +0 club and wearing a +0 robe (heavily wounded, fast, 59% to hit)
You shoot a sling bullet. The sling bullet hits Jessica.
The sling bullet burns Jessica.
Jessica is almost dead.
Jessica casts a spell at you. Pain shoots through your body!
You die...

# # #. .# # #[## .# #
##... ..# ##...## ..# #
##.....## ...# #
##.......## #.#.#
####.........####....###
...+.........'..@.......
####.........####@(..###
# ##.......## ....... #
##.....## (.....# #
##...## .##(#.# ##'## (#
.# # #.# .# # #.# .#
##.##


You could see Jessica (fast).

Vanquished Creatures
  A worm (D:2)
  A dart slug (D:1)
  A ball python (D:1)
  3 endoplasms
  2 goblins (D:1)
  A hobgoblin (D:1)
  8 jackals (D:1)
  3 kobolds (D:1)
  A quokka (D:1)
  A bat (D:1)
  3 rats
25 creatures vanquished.

Notes
Turn   | Place    | Note
-------+----------+-------------------------------------------
     0 | D:1      | dolemite99 the Demonspawn Fighter began the quest for the
                  | Orb.
     0 | D:1      | Reached XP level 1. HP: 18/18 MP: 1/1
   141 | D:1      | Gained mutation: Spells you cast may paralyse adjacent
                  | enemies. [demonic ancestry]
   141 | D:1      | Reached XP level 2. HP: 19/24 MP: 2/2
   931 | D:1      | Found a faded altar of an unknown god.
   945 | D:1      | Prayed at the altar of an unknown god.
   945 | D:1      | Became a worshipper of Ignis, the Dying Flame
   989 | D:1      | Discovered your monstrous ancestry.
   989 | D:1      | Gained mutation: You have large cloven feet. [demonic
                  | ancestry]
   989 | D:1      | Reached XP level 3. HP: 29/29 MP: 3/3
  1430 | D:2      | Noticed Jessica
  1436 | D:2      | HP: 1/29 [Jessica (1)]
  1437 | D:2      | Killed from afar by Jessica

Illustrated notes

Levels and vault maps discovered:
D:1:      dpeg_arrival_erosion, layout_basic,
          hellmonk_ecumenical_altar_leap_of_faith
D:2:      layout_loops_corners, serial_shops, shop, uniq_jessica,
          uniq_crazy_yiuf_cottage, uniq_natasha

Skill      XL: |  1  2 |
---------------+-------+-----
Axes           | 2 3 |  3.3
Fighting       | |  3.0
Armour         | |  2.6
Shields        | |  2.6

Action                   || total
-------------------------++-------
Melee: War axe           ||    58
       Kick              ||     4
 Fire: Hunting sling     ||     8
Armor: Chain mail        ||    41
       Scale mail        ||     2
Dodge: Dodged            ||    17
Block: Buckler           ||    15

Table legend: (Time is in decaauts)
 A = Elapsed time spent in this place.
 B = Non-inter-level travel time spent in this place.
 C = Inter-level travel time spent in this place.
 D = Time resting spent in this place.
 E = Time spent auto-exploring this place.
 F = Levels seen in this place.
 G = Mean time per level.
                   A        B        C        D        E       F      G
               +--------+--------+--------+--------+--------+-----+--------+
         Total |   1461 |   1423 |     38 |      0 |   1158 |   2 |  730.5 |
       Dungeon |   1461 |   1423 |     38 |      0 |   1158 |   2 |  730.5 |
               +--------+--------+--------+--------+--------+-----+--------+

Top non-repeatable levels by time:
     D:1: 1275 daAuts
     D:2: 185 daAuts
